Map: Sequencer LE

Players

ShoWTimE - Winner!

  • Race: Protoss Protoss
  • Spawn Location: 1:00

Bly

  • Race: Zerg Zerg
  • League: Master
  • Spawn Location: 7:00

Event: HomeStory Cup XV

VOD

Have the link to the VOD?

Description

Time

  • Played on: July 22, 2017, 6:31 a.m.
  • Length: 8:23

All games in this series

Show
View Real Time Build Order
Export as new Build Order

ShoWTimE Protoss - Winner!

Build Orders: 1 Gate Expand, Oracle Opening, Phoenix Opening 

Get SALT Encoding   

  12  0:00  Probe (Chrono Boost)  
  13  0:11  Probe (Chrono Boost)  
  14  0:18  Pylon  
  14  0:22  Probe (Chrono Boost)  
  15  0:36  Probe (Chrono Boost)  
  15  0:40  Gateway  
  16  0:47  Probe (Chrono Boost)  
  16  0:48  Assimilator  
  17  0:57  Probe (Chrono Boost)  
  18  1:08  Probe (Chrono Boost)  
  19  1:24  Nexus  
  19  1:26  Probe (Chrono Boost)  
  20  1:37  Cybernetics Core  
  21  1:40  Probe (Chrono Boost)  
  21  1:44  Assimilator  
  21  1:50  Probe (Chrono Boost)  
  21  1:54  Pylon  
  22  2:01  Probe (Chrono Boost)  
  23  2:12  Zealot (Chrono Boost), Probe (Chrono Boost)  
  26  2:19  Stargate  
  27  2:23  Probe (Chrono Boost)  
  27  2:28  Warp Gate  
  27  2:33  Probe (Chrono Boost)  
  27  2:35  Probe (Chrono Boost)  
  29  2:39  Adept (Chrono Boost)  
  31  2:44  Probe  
  31  2:45  Probe  
  33  2:56  Probe x2, Pylon  
  35  3:02  Oracle (Chrono Boost)  
  38  3:06  Probe  
  38  3:08  Probe  
  40  3:16  Mothership Core  
  42  3:21  Probe  
  43  3:33  Probe  
  43  3:34  Nexus  
  44  3:40  Probe, Phoenix (Chrono Boost)  
  46  3:45  Pylon  
  46  3:47  Probe  
  48  3:51  Probe  
  49  3:59  Probe  
  49  4:01  Probe  
  49  4:02  Gateway  
  49  4:04  Gateway  
  49  4:05  Oracle (Chrono Boost)  
  53  4:11  Pylon  
  54  4:19  Pylon  
  53  4:30  Nexus  
  53  4:31  Twilight Council  
  53  4:36  Probe  
  53  4:37  Probe  
  55  4:45  Adept  
  57  4:46  Probe  
  57  4:49  Probe  
  58  4:55  Robotics Facility  
  58  5:02  Probe, Pylon  
  58  5:03  Probe  
  58  5:04  Resonating Glaives (Chrono Boost)  
  59  5:08  Gateway x2  
  59  5:09  Gateway  
  58  5:18  Gateway  
  58  5:22  Probe x2, Gateway  
  60  5:28  Pylon  
  60  5:34  Probe  
  61  5:44  Warp Prism (Chrono Boost), Adept x2  
  61  5:48  Probe  
  61  5:49  Probe x2  
  69  5:50  Pylon  
  70  5:59  Probe  
  71  6:04  Pylon  
  71  6:10  Adept x3  
  71  6:11  Adept  
  79  6:20  Pylon  
  79  6:31  Adept  
  81  6:33  Adept x7  
  81  6:39  Probe  
  95  6:40  Pylon, Probe x2  
  95  6:41  Assimilator  
  98  6:55  Adept x6  
  98  6:56  Adept  
  98  6:57  Adept  
  104  7:22  Adept x5  
  110  7:28  Adept  
  110  7:29  Probe, Adept  
  114  7:30  Probe x2  
  114  7:32  Assimilator  
  114  7:33  Forge  
  114  7:34  Assimilator  
  115  7:40  Probe  
  115  7:42  Probe x2  
  110  7:52  Adept x7  
  110  7:54  Probe  
  125  8:03  Adept  
Show
View Real Time Build Order
Export as new Build Order

Bly Zerg 

Build Orders: Hatch First 

Get SALT Encoding   

  12  0:01  Drone  
  13  0:13  Overlord  
  13  0:17  Drone  
  14  0:31  Drone x2  
  14  0:35  Drone  
  17  0:52  Hatchery  
  17  0:55  Drone  
  17  1:01  Drone  
  17  1:03  Extractor  
  17  1:16  Spawning Pool  
  17  1:17  Drone  
  17  1:21  Drone  
  18  1:29  Drone  
  19  1:39  Overlord  
  19  1:54  Drone  
  19  2:00  Drone  
  21  2:03  Queen  
  21  2:04  Queen  
  21  2:06  Drone  
  26  2:10  Metabolic Boost  
  26  2:18  Drone x2  
  28  2:23  Drone  
  28  2:28  Drone  
  30  2:32  Drone  
  31  2:44  Hatchery  
  30  2:51  Overlord  
  30  3:02  Pneumatized Carapace  
  30  3:03  Evolution Chamber  
  29  3:06  Zergling x8  
  29  3:08  Zergling x4  
  35  3:15  Drone x2  
  35  3:16  Drone  
  38  3:20  Drone x2  
  38  3:24  Drone x2  
  42  3:36  Overlord  
  42  3:45  Drone x2  
  42  3:47  Overlord x2  
  44  4:03  Drone x5  
  44  4:04  Queen x2  
  44  4:08  Queen  
  53  4:13  Drone x3  
  56  4:21  Overlord  
  56  4:23  Drone x4  
  60  4:33  Zergling x8  
  60  4:34  Zergling x2  
  65  4:38  Overlord  
  65  4:52  Hatchery  
  62  4:55  Drone x4  
  66  5:00  Overlord  
  65  5:08  Overlord  
  65  5:10  Lair  
  65  5:11  Extractor  
  65  5:12  Extractor x2  
  65  5:13  Drone x3  
  65  5:14  Drone x2  
  66  5:15  Baneling Nest, Evolution Chamber  
  66  5:20  Drone x4  
  68  5:22  Queen  
  69  5:40  Zergling x18  
  78  5:45  Drone x3  
  78  5:49  Zerg Melee Weapons Level 1, Overlord  
  76  6:02  Drone x2  
  76  6:10  Zergling x2  
  76  6:11  Zergling x14  
  82  6:14  Hydralisk Den  
  82  6:15  Centrifical Hooks  
  82  6:17  Drone x4  
  85  6:19  Overlord  
  81  6:28  Zergling x8  
  83  6:36  Queen  
  83  6:37  Queen  
  87  6:40  Baneling  
  87  6:41  Baneling x4  
  87  6:43  Drone x3  
  87  6:44  Drone  
  87  6:45  Muscular Augments  
  87  6:46  Overlord  
  89  6:54  Drone x5  
  89  6:55  Drone x5  
  89  7:01  Hydralisk  
  99  7:04  Overlord  
  88  7:15  Zergling x2  
  88  7:16  Zergling x16  
  90  7:23  Zergling x2  
  90  7:24  Zergling x6  
  90  7:29  Zergling x8  
  91  7:36  Baneling  
  80  7:41  Baneling x3  
  51  8:01  Zergling x2  
  51  8:02  Zergling x38  
Tags
 
Add a new tag
Caveats
  • Supply blocks, unpowered buildings, or Contaminate may cause inaccurate times.
  • Supply counts are checked every 10 seconds.